[Event "FICS rated blitz game"]
[Site "FICS freechess.org"]
[Date "2018.09.21"]
[Round "?"]
[White "comfort"]
[Black "ForgacsJ(FM)"]
[Result "0-1"]
[ECO "C42"]
[WhiteElo "1868"]
[BlackElo "2070"]
[PlyCount "96"]
[EventDate "2018.??.??"]
[EventType "blitz"]
[TimeControl "180"]
[WhiteClock "0:03:00"]
[BlackClock "0:03:00"]

1. e4 e5 2. Nf3 Nf6 3. Nxe5 d6 4. Nxf7 Kxf7 5. Bc4+ Be6 6. Bxe6+ Kxe6 7. c3 c5
8. Qb3+ Ke7 9. Qxb7+ Nbd7 10. O-O Qb6 11. Qxb6 axb6 12. d4 g6 13. Bg5 h6 14.
Bh4 g5 15. Bg3 Nh5 16. Nd2 Nxg3 17. hxg3 Bg7 18. a3 cxd4 19. cxd4 Bxd4 20. Nf3
Bxb2 21. Rab1 Bxa3 22. e5 dxe5 23. Rfe1 Bd6 24. Rbd1 Ra5 25. Nd2 Rd5 26. Ne4
Rxd1 27. Rxd1 Bc5 28. g4 Bd4 29. Kf1 Nf6 30. Ng3 Nxg4 31. Nf5+ Ke6 32. Nxd4+
exd4 33. Rxd4 Ne5 34. Rb4 Rb8 35. Ke2 b5 36. g3 Nc6 37. Re4+ Kd5 38. Re3 b4 39.
Rd3+ Nd4+ 40. Ke3 Re8+ 41. Kd2 Kc4 42. Re3 Rxe3 43. fxe3 Nf5 44. e4 Nxg3 45. e5
Nf5 46. e6 b3 47. Kc1 Kc3 48. Kb1 g4 {White resigns} 0-1

[Event "FICS rated blitz game"]
[Site "FICS freechess.org"]
[Date "2018.09.21"]
[Round "?"]
[White "Srbo"]
[Black "ForgacsJ(FM)"]
[Result "1-0"]
[ECO "C42"]
[WhiteElo "1994"]
[BlackElo "2066"]
[PlyCount "113"]
[EventDate "2018.??.??"]
[EventType "blitz"]
[TimeControl "180"]
[WhiteClock "0:03:00"]
[BlackClock "0:03:00"]

1. e4 e5 2. Nf3 Nf6 3. Nxe5 d6 4. Nxf7 Kxf7 5. d4 c5 6. Bc4+ Be6 7. Bxe6+ Kxe6
8. O-O cxd4 9. c3 d3 10. Qb3+ Ke7 11. Qxb7+ Nbd7 12. Bf4 Rb8 13. Qxa7 Qb6 14.
Qa4 Nc5 15. Qd1 Qxb2 16. Nd2 Qxc3 17. Rc1 Qd4 18. Be3 Qa4 19. e5 Qxd1 20. exf6+
Kxf6 21. Rfxd1 Rb2 22. Bxc5 dxc5 23. Ne4+ Kf7 24. Nxc5 d2 25. Rc4 Be7 26. Ne4
Rd8 27. Kf1 Rxa2 28. Ke2 Rd7 29. f4 Bd8 30. g4 Ba5 31. Ng5+ Ke7 32. Nxh7 Rd6
33. Ng5 Kf6 34. h4 Kg6 35. h5+ Kf6 36. Ne4+ Ke7 37. Nxd6 Kxd6 38. g5 Kd5 39.
Rc8 Ke4 40. h6 gxh6 41. gxh6 Kxf4 42. h7 Bc3 43. Rxc3 Ra8 44. Rxd2 Rh8 45. Rh3
Kg5 46. Rd5+ Kg6 47. Rdh5 Kg7 48. Rg3+ Kf7 49. Kf3 Kf8 50. Rg8+ Rxg8 51.
hxg8=Q+ Kxg8 52. Kf4 Kg7 53. Kf5 Kf7 54. Rh7+ Kg8 55. Ra7 Kh8 56. Kg6 Kg8 57.
Ra8# {Black checkmated} 1-0

[Event "FICS rated blitz game"]
[Site "FICS freechess.org"]
[Date "2018.08.17"]
[Round "?"]
[White "ForgacsJ(FM)"]
[Black "leevorotation"]
[Result "0-1"]
[ECO "C42"]
[WhiteElo "2008"]
[BlackElo "1916"]
[PlyCount "50"]
[EventDate "2018.??.??"]
[EventType "blitz"]
[TimeControl "180"]
[WhiteClock "0:03:00"]
[BlackClock "0:03:00"]

1. e4 e5 2. Nf3 Nf6 3. Nxe5 d6 4. Nxf7 Kxf7 5. Nc3 c6 6. d4 d5 7. e5 Ne8 8. f4
g6 9. Bd3 Qh4+ 10. g3 Qe7 11. O-O Bh3 12. Rf2 Nd7 13. f5 gxf5 14. Bxf5 Bxf5 15.
Qh5+ Kg8 16. Qxf5 Ng7 17. Qg4 h5 18. Qf3 h4 19. Bf4 Ne6 20. gxh4 Nxf4 21. Qxf4
Bg7 22. Kh1 Rf8 23. Qg3 Rxf2 24. Qxf2 Qxh4 25. Qf5 Qxh2# {White checkmated} 0-1

[Event "FICS rated blitz game"]
[Site "FICS freechess.org"]
[Date "2018.07.11"]
[Round "?"]
[White "ForgacsJ(FM)"]
[Black "salav"]
[Result "1-0"]
[ECO "C42"]
[WhiteElo "2028"]
[BlackElo "1828"]
[PlyCount "51"]
[EventDate "2018.??.??"]
[EventType "blitz"]
[TimeControl "180"]
[WhiteClock "0:03:00"]
[BlackClock "0:03:00"]

1. e4 e5 2. Nf3 Nf6 3. Nxe5 d6 4. Nxf7 Kxf7 5. Nc3 c6 6. d4 Be7 7. Bd3 Rf8 8.
O-O Kg8 9. f4 b6 10. f5 c5 11. Bc4+ Kh8 12. Bd5 Nxd5 13. Nxd5 Bb7 14. Nf4 Bxe4
15. Ne6 Qc8 16. Nxf8 Bxf8 17. f6 gxf6 18. Rxf6 Bg7 19. Bg5 Qc6 20. Qg4 Nd7 21.
Rf7 Nf8 22. Rxg7 Kxg7 23. Bf6+ Kxf6 24. Rf1+ Ke7 25. Qg7+ Ke6 26. Qf7# {
Black checkmated} 1-0